 Dungeon Sprint DCSS version 0.29.1-15-g9cfb28693d (webtiles) character file.

Game seed: 13980539656466347515

11392 Groucho the Unseen (level 11, -10/60 HPs)
             Began as a Spriggan Enchanter on Mar 11, 2023.
             Was the Champion of Dithmenos.
             Killed from afar by an air elemental (11 damage)
             ... with a stunning burst
             ... while paralysed by an air elemental
             ... in the Dungeon (Sprint VII: "The Pits").
             The game lasted 00:15:50 (5266 turns).

Groucho the Unseen (Spriggan Enchanter)             Turns: 5266, Time: 00:15:51

Health: -10/60     AC:  9    Str:  8    XL:     11   Next: 48%
Magic:  21/29      EV:  4    Int: 18    God:    Dithmenos [******]
Gold:   30         SH:  0    Dex: 15    Spells: 31/36 levels left

rFire   . . .      SeeInvis +   r - +2 rapier (vamp)
rCold   . . .      Faith    .   (no shield)
rNeg    . . .      Spirit   .   b - +0 robe
rPois   .          Reflect  .   (helmet restricted)
rElec   .          Harm     .   q - +0 cloak
rCorr   .          Rampage  .   (gloves unavailable)
Will    +....      NoTele   +   (boots unavailable) Stlth **++++++++
                                (no amulet)
HPRegen 0.20/turn               n - +3 ring of protection
MPRegen 0.21/turn               o - +3 ring of protection

@: paralysed, wreathed by umbra, very quick
A: very small, no large weapons, unfitting armour, see invisible, speed 3
a: Renounce Religion, Shadow Step, Shadow Form


You were in the Dungeon.
You worshipped Dithmenos.
Dithmenos was exalted by your worship.
You visited 1 branch You collected 30 gold pieces.

Inventory:

Hand Weapons
 m - a +3 dagger of electrocution
 r - a +2 vampiric rapier (weapon)
Missiles
 l - 18 stones (quivered)
 s - 2 throwing nets
Armour
 b - a +0 robe (worn)
 q - a +0 cloak (worn)
Jewellery
 n - a +3 ring of protection (left hand)
 o - a +3 ring of protection (right hand)
 v - a ring of ice
 x - a ring of fire
Wands
 t - a wand of charming (8)
Scrolls
 i - a scroll of blinking
 j - 5 scrolls of amnesia
 k - a scroll of summoning
 u - a scroll of silence
 w - 3 scrolls of identify
 y - 2 scrolls of enchant weapon
 A - 4 scrolls of butterflies
 B - 2 scrolls of enchant armour
Potions
 a - a potion of lignification {unknown}
 c - 4 potions of invisibility
 d - 8 potions of curing
 e - 8 potions of heal wounds
 f - 2 potions of haste
 g - 3 potions of magic
 h - 6 potions of berserk rage
 p - 2 potions of mutation
 z - a potion of brilliance
 C - a potion of might


   Skills:
 + Level 8.3 Fighting
 + Level 11.9 Short Blades
 + Level 13.0 Dodging
 - Level 17.0 Stealth
 + Level 13.3 Spellcasting
 + Level 13.4 Hexes
 * Level 14.1 Invocations


You had 31 spell levels left.
You knew the following spells:

 Your Spells              Type           Power      Damage    Failure   Level
a - Ensorcelled Hibernat  Hex/Ice        72%        N/A       1%          2
b - Confusing Touch       Hex            57%        N/A       1%          3

Your spell library contained the following spells:

 Spells                   Type           Power      Damage    Failure   Level
 Dazzling Flash           Conj/Hex       72%        N/A       1%          3
 Tukima's Dance           Hex            57%        N/A       1%          3
 Summon Forest            Summ/Tloc      6%         N/A       83%         5
 Eringya's Noxious Bog    Tmut/Pois      6%         N/A       100%        6
 Summon Hydra             Summ           6%         N/A       100%        7


Dungeon Overview and Level Annotations

Branches:
Dungeon (1/1)

Altars:
Ashenzari
Cheibriados
Dithmenos
Elyvilon
Fedhas
Gozag
Hepliaklqana
Kikubaaqudgha
Makhleb
Nemelex Xobeh
Okawaru
Qazlal
Ru
Sif Muna
Trog
Uskayaw
Vehumet
Wu Jian
Xom
Yredelemnul
Zin
The Shining One
Jiyva
Lugonu


Innate Abilities, Weirdness & Mutations

You are very small and have problems with some larger weapons.
You are too small for most types of armour.
You have supernaturally acute eyesight. (SInv)
You cover ground extremely quickly. (Speed+++)


Message History

Your shadow barely misses the air elemental.
The air elemental misses you. The air elemental barely misses you.
Unknown command.
You hit the air elemental but do no damage.
The air elemental is completely immune to your confusing touch!
Your shadow misses the air elemental.
Your hands stop glowing.
The air elemental completely misses you. x2
You puncture the air elemental!
The air elemental is moderately damaged.
Your shadow closely misses the air elemental.
The dream sheep closely misses you.
The air elemental completely misses you.
You hit the air elemental but do no damage.
The air elemental is moderately damaged.
Your shadow barely misses the air elemental.
The air elemental hits you.
The dream sheep ruffle their wool and motes of dream dust sparkle, to no effect.
The air elemental misses you.
Unknown command.
Casting: Confusing Touch (safe; 1% risk of failure)
Confirm with . or Enter, or press ? or * to list all spells.
You don't know that spell.
Unknown command.
The air elemental attacks as you move away!
The air elemental closely misses you.
The air elemental completely misses you.
The air elemental attacks as you move away!
The air elemental barely misses you.
The air elemental fires a burst of electricity at you.
The stunning burst hits you!
You suddenly lose the ability to move!
* * * LOW HITPOINT WARNING * * *
You emit a cloud of dark smoke.
The air elemental fires a burst of electricity at you.
The stunning burst hits you!
* * * LOW HITPOINT WARNING * * *
You emit a cloud of dark smoke.
The air elemental fires a burst of electricity at you.
The stunning burst hits you!
You die...

#++############################
#............§§§§Y§YY§Y........
#............§§@§E§YY§..†......
#..##############++############
#..# #..# #..# #..# #..# #..#
##).#


You could see an air elemental and a dream sheep.

Vanquished Creatures
  A vampire knight (D)
  Harold (D)
  Nergalle (D)
  A shadow wraith (D)
  A bog body (D)
  An orc knight (D)
  A phantasmal warrior (D)
  A necromancer (D)
  2 cane toads (D)
  An orange demon (D)
  2 yaktaurs (D)
  2 hellwings (D)
  A guardian mummy (D)
  A tyrant leech (D)
  A wind drake (D)
  7 dream sheep (D)
  A jumping spider (D)
  A flying skull (D)
  A spriggan (D)
  A wraith (D)
  2 redbacks (D)
  Menkaure (D)
  An acid dragon (D)
  2 small abominations (D)
  A water moccasin (D)
  A floating eye (D)
  2 orc warriors (D)
  A swamp drake (D)
  A sky beast (D)
  11 wolves (D)
  A phantom (D)
  A kobold brigand (D)
  A scorpion (D)
  4 wights (D)
  A crimson imp (D)
  3 orc priests (D)
  An iguana (D)
  An iron imp (D)
  An orc wizard (D)
  Terence (D)
  A gnoll (D)
  An adder (D)
  A river rat (D)
  A white imp (D)
  An ufetubus (D)
  An adder skeleton (D)
  An adder zombie (D)
  A worm (D)
  3 orcs (D)
  A bat zombie (D)
  4 giant cockroaches (D)
  2 goblins (D)
  2 hobgoblins (D)
  2 quokkas (D)
  A ball python skeleton (D)
  A jackal zombie (D)
  A kobold (D)
  2 quokka skeletons (D)
  A rat (D)
95 creatures vanquished.

Notes
Turn   | Place    | Note
-------+----------+-------------------------------------------
     0 | D        | Groucho the Spriggan Enchanter began the quest for the Orb.
     0 | D        | Reached XP level 1. HP: 9/9 MP: 5/5
     8 | D        | Noticed a floating eye
    14 | D        | Paralysed by a floating eye for 2 turns
    16 | D        | Killed a floating eye
    17 | D        | Reached skill level 9 in Stealth
    17 | D        | Reached skill level 5 in Spellcasting
    17 | D        | Reached XP level 2. HP: 13/13 MP: 6/9
    17 | D        | Reached XP level 3. HP: 16/16 MP: 6/10
    17 | D        | Reached XP level 4. HP: 21/21 MP: 7/12
   253 | D        | Found a bloodstained altar of Trog.
   253 | D        | Found a shimmering blue altar of Sif Muna.
   253 | D        | Found a viscous altar of Jiyva.
   253 | D        | Found a hazy altar of Hepliaklqana.
   253 | D        | Found an opulent altar of Gozag.
   254 | D        | Found a glowing golden altar of the Shining One.
   254 | D        | Found a glowing silver altar of Zin.
   254 | D        | Found a basalt altar of Yredelemnul.
   254 | D        | Found a shimmering altar of Xom.
   254 | D        | Found an ornate altar of the Wu Jian Council.
   254 | D        | Found a sacrificial altar of Ru.
   254 | D        | Found a stormy altar of Qazlal.
   254 | D        | Found an iron altar of Okawaru.
   254 | D        | Found a sparkling altar of Nemelex Xobeh.
   254 | D        | Found a burning altar of Makhleb.
   254 | D        | Found a blossoming altar of Fedhas.
   254 | D        | Found a white marble altar of Elyvilon.
   254 | D        | Found a shadowy altar of Dithmenos.
   254 | D        | Found a snail-covered altar of Cheibriados.
   256 | D        | Found a radiant altar of Vehumet.
   256 | D        | Found a corrupted altar of Lugonu.
   257 | D        | Found a hide-covered altar of Uskayaw.
   257 | D        | Found an ancient bone altar of Kikubaaqudgha.
   257 | D        | Found a broken altar of Ashenzari.
   264 | D        | Became a worshipper of Dithmenos the Shadowed
   278 | D        | Noticed a scorpion
   288 | D        | Learned a level 2 spell: Ensorcelled Hibernation
   292 | D        | Learned a level 3 spell: Confusing Touch
   302 | D        | Killed a scorpion
   303 | D        | Reached skill level 10 in Stealth
   303 | D        | Reached XP level 5. HP: 24/24 MP: 10/14
   306 | D        | Reached * piety under Dithmenos
   317 | D        | Reached skill level 5 in Short Blades
   317 | D        | Reached skill level 11 in Stealth
   324 | D        | Reached ** piety under Dithmenos
   375 | D        | Noticed a water moccasin
   382 | D        | Killed a water moccasin
   382 | D        | Reached *** piety under Dithmenos
   383 | D        | Reached skill level 1 in Fighting
   383 | D        | Reached skill level 12 in Stealth
   383 | D        | Reached XP level 6. HP: 30/30 MP: 10/16
   423 | D        | Noticed Menkaure
   434 | D        | Reached skill level 5 in Invocations
   437 | D        | Killed Menkaure
   438 | D        | Reached skill level 5 in Dodging
   438 | D        | Reached skill level 13 in Stealth
   439 | D        | Reached **** piety under Dithmenos
   681 | D        | Noticed Terence
   685 | D        | Killed Terence
   686 | D        | Reached XP level 7. HP: 35/35 MP: 18/18
   691 | D        | Noticed a yaktaur
   698 | D        | Killed a yaktaur
   699 | D        | Reached skill level 14 in Stealth
  1040 | D        | Reached ***** piety under Dithmenos
  1368 | D        | Noticed a hellwing
  1371 | D        | Reached XP level 8. HP: 39/42 MP: 16/21
  1396 | D        | Killed a hellwing
  1397 | D        | Reached skill level 15 in Stealth
  1663 | D        | Noticed a necromancer
  1663 | D        | Noticed Harold
  1730 | D        | Killed Harold
  1731 | D        | Reached skill level 16 in Stealth
  1731 | D        | Reached XP level 9. HP: 20/46 MP: 8/23
  2113 | D        | Reached ****** piety under Dithmenos
  2439 | D        | Killed a necromancer
  2440 | D        | Reached skill level 5 in Fighting
  2440 | D        | Reached skill level 17 in Stealth
  2440 | D        | Reached skill level 10 in Spellcasting
  2440 | D        | Reached skill level 10 in Hexes
  2456 | D        | Noticed a tyrant leech
  2456 | D        | Noticed a guardian mummy
  2464 | D        | Killed a guardian mummy
  2561 | D        | Killed a tyrant leech
  2562 | D        | Reached skill level 10 in Invocations
  2638 | D        | Noticed a bog body
  2641 | D        | Killed a bog body
  2642 | D        | Reached skill level 10 in Dodging
  2642 | D        | Reached XP level 10. HP: 45/53 MP: 14/25
  3020 | D        | Noticed an orange demon
  3020 | D        | Noticed Nergalle
  3021 | D        | Noticed a vampire knight
  3021 | D        | Noticed a shadow wraith
  3022 | D        | Killed Nergalle
  3023 | D        | Reached skill level 10 in Short Blades
  3077 | D        | Killed a shadow wraith
  3106 | D        | Killed an orange demon
  3387 | D        | Killed a vampire knight
  3894 | D        | Noticed a cane toad
  3928 | D        | Reached XP level 11. HP: 37/58 MP: 9/28
  4589 | D        | Noticed an orc knight
  4737 | D        | Noticed a phantasmal warrior
  4791 | D        | Killed a phantasmal warrior
  4844 | D        | Killed an orc knight
  5248 | D        | Paralysed by an air elemental for 1 turns
  5255 | D        | Paralysed by an air elemental for 1 turns
  5265 | D        | Paralysed by an air elemental for 1 turns
  5266 | D        | HP: 1/60 [air elemental/stunning burst (15)]
  5266 | D        | Killed from afar by an air elemental

Illustrated notes

Levels and vault maps discovered:
D:        pitsprint [storerooms_1, entrance_room_1, metal_vault_7, armoury_1,
          mini_pit_1, grid_room_1, main_hall_1, silver_pit, the_coven_1,
          the_vestibule_1, steel_vault_5, golden_pit, hallway_of_sentries,
          crystal_vault_1, iron_vault_2, final_vault]

Skill      XL: |  1  2  3  4  5  6  7  8  9 10 11 |
---------------+----------------------------------+-----
Short Blades   | 4 5 6 7 8 9 11 | 11.9
Stealth        | 9 10 12 13 14 16 17 | 17.0
Spellcasting   | 5 6 7 8 9 10 12 13 | 13.3
Hexes          | 6 7 8 9 11 12 13 | 13.4
Invocations    | 2 4 5 7 8 10 12 14 | 14.1
Dodging        | 4 5 6 8 10 11 13 | 13.0
Fighting       | 1 2 3 4 6 7 8 |  8.3

Action                   |  1- 3 |  4- 6 |  7- 9 | 10-12 || total
-------------------------+-------+-------+-------+-------++-------
Melee: Dagger            |     6 |    24 |    26 |       ||    56
       Rapier            |       |       |    62 |   131 ||   193
       Punch             |       |       |     3 |     1 ||     4
 Cast: Ensorcelled Hiber |       |     6 |    31 |    31 ||    68
       Confusing Touch   |       |     1 |     9 |    14 ||    24
Invok: Shadow Step       |       |       |     9 |     6 ||    15
  Use: Potion            |       |       |     4 |     7 ||    11
 Stab: Sleeping          |       |    13 |    25 |    29 ||    67
       Confused          |       |       |     9 |    14 ||    23
Armor: Robe              |       |       |     1 |    10 ||    11
Dodge: Dodged            |       |    10 |    63 |   111 ||   184
